 Dungeon Crawl Stone Soup version 0.15-a0-1485-g692b94f (webtiles) character file.

97 Crauler the Insei (level 4, -2/28 HPs)
             Began as an Octopode Transmuter on June 14, 2014.
             Slain by an adder (3 damage)
             ... on Level 3 of the Dungeon.
             The game lasted 00:06:49 (1540 turns).

Crauler the Insei (Octopode Transmuter)             Turns: 1540, Time: 00:06:50

HP  -2/28        AC  1     Str  9      XL: 4   Next: 68%
MP   6/7         EV 18     Int 16      God:
Gold 122         SH  0     Dex 17      Spells:  2 memorised,  3 levels left

rFire  . . .     SeeInvis .       - Unarmed
rCold  . . .     Clarity  .     (no shield)
rNeg   . . .     rCorr    .     (helmet restricted)
rPois  .         rRot     .     (no amulet)
rElec  .         Spirit   .     (no ring)
SustAb .         Warding  .     (no ring)
rMut   .         Stasis   .     (no ring)
Gourm  .                        (no ring)
MR     .....                    (no ring)
                                (no ring)
                                (no ring)
                                (no ring)

@: agile, lethally poisoned, appendage, not resistant to hostile enchantments,
quite stealthy
A: almost no armour, amphibious, 8 rings, constrict 8, tentacle spike 3,
camouflage 1, gelatinous body 1
a: End Transformation


You were on level 3 of the Dungeon.
You were not hungry.
One of your tentacles had a temporary spike.
You visited 1 branch of the dungeon, and saw 3 of its levels.

You collected 122 gold pieces.

Inventory:

Missiles
 b - 12 arrows
Comestibles
 a - 2 bread rations
 c - a chunk of bat flesh
Scrolls
 k - 2 scrolls of teleportation
Potions
 f - 3 potions of restore abilities
 g - a potion of agility
 l - a potion of lignification {unknown}
Books
 d - a book of Changes

   Spells                             Type                      Level
   *Beastly Appendage                 Transmutation                1
   Sticks to Snakes                   Transmutation                2
   *Spider Form                       Transmutation/Poison         3
   Ice Form                           Ice/Transmutation            4
   Blade Hands                        Transmutation                5


   Skills:
 + Level 1.4 Fighting
 + Level 2.6 Dodging
 + Level 1.7 Stealth
 + Level 4.2 Unarmed Combat
 + Level 2.2 Spellcasting
 + Level 2.1 Transmutations


You had 3 spell levels left.
You knew the following spells:

 Your Spells              Type           Power        Failure   Level  Hunger
a - Beastly Appendage     Trmt           #.....       10%         1    #......
b - Spider Form           Trmt/Pois      #.........   38%         3    ####...


Dungeon Overview and Level Annotations

Branches:
Dungeon (3/15)

Altars:
Dithmenos
Gozag
Okawaru


Innate Abilities, Weirdness & Mutations

You cannot wear most types of armour.
You are amphibious.
You can wear up to eight rings at the same time.*
You can use your tentacles to constrict many enemies at once.*
Your skin changes colour to match your surroundings (Stealth).*
Your rubbery body absorbs attacks (AC +1).*
One of your tentacles bears a large vicious spike.*


Message History

You tentacle-slap the adder. Your grab misses the adder.
Your squeeze misses the adder.
The adder is moderately wounded.
The adder bites you.
* * * LOW HITPOINT WARNING * * *
You miss the adder. Your grab misses the adder. Your squeeze misses the adder.
The adder is moderately wounded.
The adder bites you.
* * * LOW HITPOINT WARNING * * *
You are lethally poisoned!
The adder poisons you!
Drink which item? (? for menu, Esc to quit)
You feel refreshed.
It was a potion of restore abilities.
* * * LOW HITPOINT WARNING * * *
You feel sick. The adder misses you.
Drink which item? (? for menu, Esc to quit)
You feel agile all of a sudden.
It was a potion of agility.
The adder completely misses you. The adder bites you.
You die...

.. #......#
..###.# ..##.#
#.##.#
#.##.######.
#++##...........#
#≈≈#..#..######.
##≈≈##....#
#≈≈≈@#....#
#≈≈≈S#.#..#
##≈≈##....#
#≈%#...#......
+##S..######.
#.....#.#
#.........
#######..)..
#.......


You could see an adder.

Vanquished Creatures
  Jessica (D:2)
  A green rat (D:3)
  An adder (D:2)
  A gnoll (D:1)
  3 giant mites (D:3)
  2 ball pythons
  4 hobgoblins (D:1)
  6 bats
  3 giant cockroaches (D:1)
  A giant newt (D:1)
  4 goblins
  4 kobolds
  3 rats
34 creatures vanquished.

Notes
Turn   | Place    | Note
--------------------------------------------------------------
     0 | D:1      | Crauler, the Octopode Transmuter, began the quest for the Orb.
     0 | D:1      | Reached XP level 1. HP: 13/13 MP: 3/3
   191 | D:1      | Reached XP level 2. HP: 6/18 MP: 4/4
   729 | D:1      | Reached XP level 3. HP: 20/23 MP: 4/6
   734 | D:1      | Learned a level 3 spell: Spider Form
   896 | D:2      | Reached skill level 4 in Unarmed Combat
  1005 | D:2      | Found an iron altar of Okawaru.
  1009 | D:2      | Noticed Jessica
  1030 | D:2      | Killed Jessica
  1180 | D:2      | Found a shadowy altar of Dithmenos.
  1180 | D:2      | Found an opulent altar of Gozag.
  1339 | D:2      | Reached XP level 4. HP: 25/28 MP: 5/7
  1463 | D:3      | Reached skill level 1 in Stealth
  1539 | D:3      | HP: 1/28 [poisoned by an adder]
  1540 | D:3      | Slain by an adder

Action                   |  1- 3 |  4- 6 || total
-------------------------+-------+-------++-------
Melee: Unarmed           |    70 |    21 ||    91
 Cast: Beastly Appendage |     4 |     2 ||     6
  Use: Scroll            |       |     7 ||     7
       Potion            |       |     2 ||     2
 Stab: Sleeping          |     2 |       ||     2
